DBL
COLORADO ROCKIES @ DETROIT TIGERS
05/29/1997
 
TOP OF THE 1ST
Colorado Rockies batting - Pitching for Detroit Tigers : RHP Steve Trachsel
Pitching: RHP Steve Trachsel
Batting: LHB Todd Helton 0-0: DOUBLE (Flyball, 8RXD, EV 109.4 MPH)
Batting: RHB Juan Gonzalez 0-0: Ball
1-0: Swinging Strike
1-1: Ball
2-1: Ball
3-1: Called Strike
3-2: 2-RUN HOME RUN (Flyball, 78XD, EV 97.5 MPH), Distance : 398 ft
Batting: SHB Dmitri Young 0-0: Ball
1-0: Foul Ball, location: 2F
1-1: Called Strike
1-2: Strikes out looking
Batting: LHB Bob Hamelin 0-0: Ball
1-0: Swinging Strike
1-1: Called Strike
1-2: Strikes out swinging
Batting: RHB Damion Easley 0-0: Ball
1-0: Called Strike
1-1: Foul Ball, location: 2F
1-2: Strikes out swinging
Top of the 1st over - 2 runs, 2 hits, 0 errors, 0 left on base; Colorado 2 - Detroit 0
BOTTOM OF THE 1ST
Detroit Tigers batting - Pitching for Colorado Rockies : RHP Tom Rowe
Pitching: RHP Tom Rowe
Batting: SHB Adrian Brown 0-0: Ball
1-0: Called Strike
1-1: Fly out, F9 (Flyball, 9LDF, EV 90.6 MPH)
Batting: LHB Joe Orsulak 0-0: Ground out 6-3 (Groundball, 6, EV 90.6 MPH)
Batting: LHB Ben Grieve 0-0: Ball
1-0: Called Strike
1-1: Ball
2-1: Ball
3-1: Called Strike
3-2: DOUBLE (Line Drive, 9LM, EV 100.6 MPH)
Batting: LHB Tino Martinez 0-0: Called Strike
0-1: Called Strike
0-2: Strikes out swinging
Bottom of the 1st over - 0 runs, 1 hit, 0 errors, 1 left on base; Colorado 2 - Detroit 0
TOP OF THE 2ND
Colorado Rockies batting - Pitching for Detroit Tigers : RHP Steve Trachsel
Batting: RHB Steve Gibralter 0-0: Ball
1-0: Called Strike
1-1: Ball
2-1: Foul Ball, location: 2F
2-2: Strikes out swinging
Batting: LHB Keith Lockhart 0-0: Fly out, F8 (Flyball, 89M, EV 91.9 MPH)
Batting: LHB Chip Hale 0-0: Ball
1-0: Ground out 4-3 (Groundball, 4M, EV 86.3 MPH)
Top of the 2nd over - 0 runs, 0 hits, 0 errors, 0 left on base; Colorado 2 - Detroit 0
BOTTOM OF THE 2ND
Detroit Tigers batting - Pitching for Colorado Rockies : RHP Tom Rowe
Batting: RHB Howard Battle 0-0: Ball
1-0: Swinging Strike
1-1: Swinging Strike
1-2: Strikes out swinging
Batting: RHB Russ Johnson 0-0: Ground out 4-3 (Groundball, 4M, EV 81.9 MPH)
Batting: RHB Shane Halter 0-0: Ground out 4-3 (Groundball, 4, EV 79.4 MPH)
Bottom of the 2nd over - 0 runs, 0 hits, 0 errors, 0 left on base; Colorado 2 - Detroit 0
TOP OF THE 3RD
Colorado Rockies batting - Pitching for Detroit Tigers : RHP Steve Trachsel
Batting: SHB Brian Banks 0-0: Called Strike
0-1: Ball
1-1: Called Strike
1-2: Foul Ball, location: 2F
1-2: Ball
2-2: Ball
3-2: Strikes out swinging
Batting: LHB Todd Helton 0-0: Ball
1-0: Ball
2-0: Called Strike
2-1: Ball
3-1: Called Strike
3-2: Base on Balls
Batting: RHB Juan Gonzalez 0-0: DOUBLE (Flyball, 8RXD, EV 93.1 MPH)
Todd Helton to third
Batting: SHB Dmitri Young 0-0: Called Strike
0-1: Ball
1-1: Ball
2-1: Ball
3-1: Foul Ball, location: 2F
3-2: Foul Ball, location: 2F
3-2: Ground out 1-3 (Groundball, 34S, EV 70.0 MPH)
Batting: LHB Bob Hamelin 0-0: Called Strike
0-1: Ball
1-1: Ball
2-1: SINGLE (Groundball, 3D, EV 96.9 MPH)
Todd Helton scores
Juan Gonzalez to third
Runner from 3rd tries for Home, SAFE, throw by RF to home
Batting: RHB Damion Easley 0-0: Ball
1-0: Ground out 1-3 (Groundball, 34S, EV 72.5 MPH)
Top of the 3rd over - 2 runs, 2 hits, 0 errors, 1 left on base; Colorado 4 - Detroit 0
BOTTOM OF THE 3RD
Detroit Tigers batting - Pitching for Colorado Rockies : RHP Tom Rowe
Batting: SHB Jeff Barry 0-0: Ball
1-0: Ball
2-0: Called Strike
2-1: Called Strike
2-2: Strikes out swinging
Batting: RHB Bill Haselman 0-0: Ball
1-0: Ball
2-0: Called Strike
2-1: Foul Ball, location: 2F
2-2: Strikes out swinging
Batting: SHB Adrian Brown 0-0: Ball
1-0: Called Strike
1-1: Ground out U3 (Groundball, 34S, EV 83.1 MPH)
Bottom of the 3rd over - 0 runs, 0 hits, 0 errors, 0 left on base; Colorado 4 - Detroit 0
TOP OF THE 4TH
Colorado Rockies batting - Pitching for Detroit Tigers : RHP Steve Trachsel
Batting: RHB Steve Gibralter 0-0: Foul Ball, location: 2F
0-1: Ball
1-1: Foul Ball, location: 2F
1-2: Ground out 1-3 (Groundball, P, EV 86.9 MPH)
Batting: LHB Keith Lockhart 0-0: Ball
1-0: Called Strike
1-1: Ball
2-1: Foul Ball, location: 2F
2-2: Foul Ball, location: 2F
2-2: Foul Ball, location: 2F
2-2: Foul Ball, location: 2F
2-2: Strikes out looking
Batting: LHB Chip Hale 0-0: Called Strike
0-1: Foul Ball, location: 2F
0-2: Foul Ball, location: 2F
0-2: Strikes out looking
Top of the 4th over - 0 runs, 0 hits, 0 errors, 0 left on base; Colorado 4 - Detroit 0
BOTTOM OF THE 4TH
Detroit Tigers batting - Pitching for Colorado Rockies : RHP Tom Rowe
Batting: LHB Joe Orsulak 0-0: Ball
1-0: TRIPLE (Line Drive, 78XD, EV 112.5 MPH)
Batting: LHB Ben Grieve 0-0: Ball
1-0: Foul Ball, location: 2F
1-1: Foul Ball, location: 2F
1-2: Foul Ball, location: 2F
1-2: DOUBLE (Line Drive, 7LS, EV 109.4 MPH)
Joe Orsulak scores
Batting: LHB Tino Martinez 0-0: Called Strike
0-1: Ball
1-1: Fly out, F6 (Popup, 6, EV 77.5 MPH)
Batting: RHB Howard Battle 0-0: Reached on error, E5 (Groundball, 56S, EV 71.3 MPH)
Ben Grieve to third
Batting: RHB Russ Johnson 0-0: SINGLE (Flyball, 9S, EV 88.8 MPH)
Ben Grieve scores
Howard Battle to second
Runner from 2nd tries for 3rd, SAFE, throw by RF made to third
Batting: RHB Shane Halter 0-0: Called Strike
0-1: Ball
1-1: Grounds into double play, 6-4-3 (Groundball, 6, EV 107.5 MPH)
Bottom of the 4th over - 2 runs, 3 hits, 1 error, 1 left on base; Colorado 4 - Detroit 2
TOP OF THE 5TH
Colorado Rockies batting - Pitching for Detroit Tigers : RHP Steve Trachsel
Batting: SHB Brian Banks 0-0: Ball
1-0: Ball
2-0: Swinging Strike
2-1: Ball
3-1: Swinging Strike
3-2: Fly out, F9 (Flyball, 9, EV 88.8 MPH)
Batting: LHB Todd Helton 0-0: Ground out U3 (Groundball, 3, EV 106.3 MPH)
Batting: RHB Juan Gonzalez 0-0: Ball
1-0: Called Strike
1-1: SINGLE (Groundball, 6MD, EV 104.4 MPH)
Batting: SHB Dmitri Young 0-0: Ball
1-0: Fly out, F9 (Flyball, 9LSF, EV 93.1 MPH)
Top of the 5th over - 0 runs, 1 hit, 0 errors, 1 left on base; Colorado 4 - Detroit 2
BOTTOM OF THE 5TH
Detroit Tigers batting - Pitching for Colorado Rockies : RHP Tom Rowe
Batting: SHB Jeff Barry 0-0: Foul Ball, location: 2F
0-1: Called Strike
0-2: Ball
1-2: Strikes out swinging
Batting: RHB Bill Haselman 0-0: Called Strike
0-1: Ball
1-1: Ground out 1-3 (Groundball, 34S, EV 74.4 MPH)
Batting: SHB Adrian Brown 0-0: Ball
1-0: Called Strike
1-1: Foul Ball, location: 2F
1-2: Fly out, F8 (Line Drive, 8RD, EV 85.6 MPH)
Bottom of the 5th over - 0 runs, 0 hits, 0 errors, 0 left on base; Colorado 4 - Detroit 2
TOP OF THE 6TH
Colorado Rockies batting - Pitching for Detroit Tigers : RHP Steve Trachsel
Batting: LHB Bob Hamelin 0-0: Foul Ball, location: 2F
0-1: Ball
1-1: Ball
2-1: Ball
3-1: Base on Balls
Batting: RHB Damion Easley 0-0: Ball
1-0: Called Strike
1-1: Fly out, F7 (Flyball, 7S, EV 90.6 MPH)
Batting: RHB Steve Gibralter 0-0: Foul Ball, location: 2F
0-1: Ball
1-1: Ball
2-1: DOUBLE (Flyball, 78D, EV 105.6 MPH)
Bob Hamelin to third
Batting: LHB Keith Lockhart 0-0: Ball
1-0: Ball
2-0: Foul Ball, location: 2F
2-1: Ball
3-1: Base on Balls
Batting: LHB Chip Hale 0-0: Foul Ball, location: 2F
0-1: Called Strike
0-2: Strikes out swinging
Batting: SHB Brian Banks 0-0: Ball
1-0: Ball
2-0: Ball
3-0: Base on Balls
Bob Hamelin scores
Steve Gibralter to third
Keith Lockhart to second
Batting: LHB Todd Helton 0-0: Ball
1-0: Foul Ball, location: 2F
1-1: Ground out 1-3 (Groundball, 13S, EV 65.6 MPH)
Top of the 6th over - 1 run, 1 hit, 0 errors, 3 left on base; Colorado 5 - Detroit 2
BOTTOM OF THE 6TH
Detroit Tigers batting - Pitching for Colorado Rockies : RHP Tom Rowe
Batting: LHB Joe Orsulak 0-0: Ground out 4-3 (Groundball, 4, EV 78.8 MPH)
Batting: LHB Ben Grieve 0-0: Ball
1-0: Foul Ball, location: 2F
1-1: Foul Ball, location: 2F
1-2: Foul Ball, location: 2F
1-2: Ball
2-2: Fly out, F9 (Flyball, 9, EV 88.8 MPH)
Batting: LHB Tino Martinez 0-0: Called Strike
0-1: Ball
1-1: Ground out 4-3 (Groundball, 4S, EV 81.9 MPH)
Bottom of the 6th over - 0 runs, 0 hits, 0 errors, 0 left on base; Colorado 5 - Detroit 2
TOP OF THE 7TH
Colorado Rockies batting - Pitching for Detroit Tigers : RHP Steve Trachsel
Batting: RHB Juan Gonzalez 0-0: Called Strike
0-1: Ball
1-1: Foul Ball, location: 2F
1-2: Foul Ball, location: 2F
1-2: Foul Ball, location: 2F
1-2: Ball
2-2: Ground out 6-3 (Groundball, 6, EV 102.5 MPH)
Batting: SHB Dmitri Young 0-0: Called Strike
0-1: Ball
1-1: Ball
2-1: Foul Ball, location: 2F
2-2: Fly out, F2 (Popup, 25F, EV 78.1 MPH)
Batting: LHB Bob Hamelin 0-0: Foul Ball, location: 2F
0-1: SINGLE (Groundball, 4D, EV 100.0 MPH)
Batting: RHB Damion Easley 0-0: Ball
Wild Pitch!
Bob Hamelin to second
1-0: Foul Ball, location: 2F
1-1: Foul Ball, location: 2F
1-2: Foul Ball, location: 2F
1-2: Fly out, F8 (Flyball, 8RS, EV 90.0 MPH)
Top of the 7th over - 0 runs, 1 hit, 0 errors, 1 left on base; Colorado 5 - Detroit 2
BOTTOM OF THE 7TH
Detroit Tigers batting - Pitching for Colorado Rockies : RHP Tom Rowe
Batting: RHB Howard Battle 0-0: Fly out, F3 (Popup, 3SF, EV 81.9 MPH)
Batting: RHB Russ Johnson 0-0: Ball
1-0: Ground out 5-3 (Groundball, 5, EV 82.5 MPH)
Batting: RHB Shane Halter 0-0: Foul Ball, location: 2F
0-1: Foul Ball, location: 2F
0-2: Foul Ball, location: 2F
0-2: Strikes out looking
Bottom of the 7th over - 0 runs, 0 hits, 0 errors, 0 left on base; Colorado 5 - Detroit 2
TOP OF THE 8TH
Colorado Rockies batting - Pitching for Detroit Tigers : RHP Steve Trachsel
Batting: RHB Steve Gibralter 0-0: Ball
1-0: Ground out 4-3 (Groundball, 4, EV 111.9 MPH)
Batting: LHB Keith Lockhart 0-0: Ball
1-0: Foul Ball, location: 2F
1-1: Foul Ball, location: 2F
1-2: Ball
2-2: Foul Ball, location: 2F
2-2: Foul Ball, location: 2F
2-2: Foul Ball, location: 2F
2-2: Reached on error, E4 (Groundball, 4, EV 88.1 MPH)
Pitching: LHP Steve J Kline
Batting: LHB Chip Hale 0-0: Fly out, F8 (Flyball, 8LXD, EV 105.0 MPH)
Batting: SHB Brian Banks 0-0: Ball
1-0: Called Strike
Keith Lockhart is caught stealing 2nd base 2-4
Top of the 8th over - 0 runs, 0 hits, 1 error, 0 left on base; Colorado 5 - Detroit 2
BOTTOM OF THE 8TH
Detroit Tigers batting - Pitching for Colorado Rockies : RHP Tom Rowe
Batting: SHB Jeff Barry 0-0: Foul Ball, location: 2F
0-1: Foul Ball, location: 2F
0-2: Ball
1-2: Foul Ball, location: 2F
1-2: DOUBLE (Line Drive, 78XD, EV 100.0 MPH)
Batting: RHB Bill Haselman 0-0: Fly out, F8 (Flyball, 89D, EV 100.6 MPH)
Runner from 2nd tags up, SAFE at 3rd, no throw by CF
Batting: SHB Adrian Brown 0-0: Called Strike
0-1: Called Strike
0-2: Strikes out looking
Batting: LHB Joe Orsulak 0-0: Ball
1-0: Ball
2-0: Ground out 6-3 (Groundball, 56, EV 106.3 MPH)
Bottom of the 8th over - 0 runs, 1 hit, 0 errors, 1 left on base; Colorado 5 - Detroit 2
TOP OF THE 9TH
Colorado Rockies batting - Pitching for Detroit Tigers : LHP Steve J Kline
Batting: SHB Brian Banks 0-0: Fly out, F2 (Popup, 2R, EV 96.9 MPH)
Batting: LHB Todd Helton 0-0: Called Strike
0-1: Ball
1-1: Called Strike
1-2: Ball
2-2: Strikes out looking
Batting: RHB Juan Gonzalez 0-0: Ball
1-0: Ball
2-0: Ball
3-0: Called Strike
3-1: Base on Balls
Batting: SHB Dmitri Young 0-0: Ball
1-0: Ball
2-0: Ball
3-0: Called Strike
3-1: Foul Ball, location: 2F
3-2: Base on Balls
Juan Gonzalez to second
Batting: LHB Bob Hamelin 0-0: Fly out, F4 (Line Drive, 4, EV 76.3 MPH)
Top of the 9th over - 0 runs, 0 hits, 0 errors, 2 left on base; Colorado 5 - Detroit 2
BOTTOM OF THE 9TH
Detroit Tigers batting - Pitching for Colorado Rockies : RHP Tom Rowe
Batting: LHB Ben Grieve 0-0: Ball
1-0: Fly out, F8 (Flyball, 78D, EV 95.0 MPH)
Batting: LHB Tino Martinez 0-0: Called Strike
0-1: Foul Ball, location: 2F
0-2: SOLO HOME RUN (Flyball, 89XD, EV 98.1 MPH), Distance : 406 ft
Batting: RHB Howard Battle 0-0: Called Strike
0-1: Ball
1-1: Swinging Strike
1-2: Strikes out swinging, 2-3 out at first.
Batting: RHB Russ Johnson 0-0: Swinging Strike
0-1: SINGLE (Groundball, 6MD, EV 100.0 MPH)
Pitching: LHP Joey Eischen
Batting: RHB Shane Halter 0-0: Ball
1-0: Called Strike
1-1: Ball
2-1: Ball
3-1: Base on Balls
Russ Johnson to second
Batting: SHB Jeff Barry 0-0: Ball
1-0: Ball
2-0: Called Strike
2-1: Called Strike
2-2: Ball
3-2: Foul Ball, location: 2F
3-2: Base on Balls
Russ Johnson to third
Shane Halter to second
Batting: RHB Bill Haselman 0-0: Fielders Choice at 2nd, 5-4 (Groundball, 56, EV 109.4 MPH)
Bottom of the 9th over - 1 run, 2 hits, 0 errors, 3 left on base; Colorado 5 - Detroit 3
Tuesday, February 17th, 2026 - OOTP Baseball 20.8 Build 74